[Event "*** Titled Tuesday 3|2 Blitz"]
[Site "Chess.com"]
[Date "2016.09.06"]
[Round "5"]
[White "andretta"]
[Black "akinov-akinseye"]
[Result "1-0"]
[WhiteElo "2275"]
[BlackElo "2022"]
[TimeControl "180+2"]
[EndTime "17:59:49 PDT"]
[Termination "andretta won on time"]

1. d4 d5 2. Bf4 Nf6 3. e3 Bg4 4. Nf3 e6 5. Be2 Bd6 6. Bg3 O-O 7. O-O Nc6 8. c4 Re8 9. Nc3 dxc4 10. Bxc4 e5 11. Qb3 Bh5 12. dxe5 Nxe5 13. Nxe5 Bxe5 14. Bxe5 Rxe5 15. Qxb7 Rb8 16. Qxa7 Rxb2 17. Bb3 h6 18.
h3 Qd2 19. Qd4 Qxd4 20. exd4 Rg5 21. Bd1 Bg6 22. Bf3 Bf5 23. h4 Rg6 24. a4 Rb6 25. a5 Ra6 26. Bb7 Ra7 27. a6 Bd3 28. Rfd1 Bc4 29. Rdb1 Nh5 30. Nb5 Bxb5 31. Rxb5 Nf4 32. Rc5 Ne2+ 33. Kf1 Nxd4 34. Rxc7 Ne6 35. Rc8+ Nf8 36.
Rd1 Rgxa6 37. Bxa6 Rxa6 38. Rdd8 Kh7 39. Rxf8 Rf6 40.
g3 Kg6 41. Kg2 h5 42. Rfd8 Ra6 43. Rd2 f6 44. Rc7 Kh6 45. Rdd7 Kg6 46. Rxg7+ Kf5 47. Rh7 Ke4 48. Rxh5 Re6 49. Rc4+ Kd3 50. Rf4 Kc3 51. Ra5 Kb3 52. Raf5 Kc3 53. Rxf6 Re1 54. Rf3+ Kd2 55. Rd6+ Kc2 56. Rf7 1-0

[Event "*** Titled Tuesday 3|2 Blitz"]
[Site "Chess.com"]
[Date "2016.09.06"]
[Round "5"]
[White "Rsnr"]
[Black "OparinGrigoriy"]
[Result "0-1"]
[WhiteElo "2525"]
[BlackElo "2611"]
[TimeControl "180+2"]
[EndTime "18:00:01 PDT"]
[Termination "OparinGrigoriy won by resignation"]

1. d4 Nf6 2. c4 e6 3. Nf3 b6 4.
a3 Bb7 5. Nc3 d5 6. Bg5 Be7 7.
Qa4+ Bc6 8. Qb3 O-O 9. e3 Bb7 10. Be2 Nbd7 11. O-O c5 12. cxd5 Nxd5 13. Bxe7 Qxe7 14.
Nxd5 Bxd5 15. Qd1 Rfd8 16. Qe1 Rac8 17. Rc1 cxd4 18. Nxd4 Ne5 19. Rc3 Qb7 20. f3 h6 21.
Nb5 a6 22. Rxc8 Qxc8 23. Nc3 Bb7 24. Qg3 Nd3 25. Bxd3 Rxd3 26. Qe5 f6 27. Qf4 Qc5 28. Qb8+ Bc8 29. Ne4 Qxe3+ 30. Kh1 Rd8 31. Nd6 Qd3 32.
Rc1 Qd2 33. Qc7 Qxd6 34. Qxd6 Rxd6 35. Rxc8+ Kf7 36. h3 Rd2 37. b4 Rd6 38. Kh2 h5 39. Kg3 b5 40. Ra8 e5 41. h4 Ke6 42. Ra7 g6 43. Kf2 Kf5 44. Ke3 Rc6 45. Kf2 Kf4 46. g3+ Kf5 47. Ke2 e4 48. fxe4+ Kxe4 49. Re7+ Kd4 50.
Kd2 Rd6 51. Ra7 Kc4+ 52. Kc2 Re6 53. Rc7+ Kd4 54. Rd7+ Ke3 55. Kb3 Kf3 56. a4 Kxg3 57.
axb5 axb5 58. Rd5 Kxh4 59. Rxb5 g5 60. Rf5 Kg4 61. Rf1 h4 62. Kc4 h3 63. Kd5 Re5+ 64.
Kd4 Re6 65. b5 h2 66. Kd5 Re5+ 67. Kc4 Re2 68. b6 Rb2 69. Kc5 Kh3 70. Kc6 g4 71. b7 Rxb7 72. Kxb7 Kg2 73. Rxf6 h1=Q 0-1

[Event "*** Titled Tuesday 3|2 Blitz"]
[Site "Chess.com"]
[Date "2016.09.06"]
[Round "5"]
[White "DeviatkinAndrey"]
[Black "jk13"]
[Result "0-1"]
[WhiteElo "2575"]
[BlackElo "2516"]
[TimeControl "180+2"]
[EndTime "18:00:01 PDT"]
[Termination "jk13 won by resignation"]

1. Nf3 Nf6 2. c4 e6 3. Nc3 Bb4 4. g3 O-O 5. Bg2 d5 6. O-O a6 7.
Qb3 Be7 8. d4 dxc4 9. Qxc4 b5 10. Qb3 Bb7 11. Rd1 Nbd7 12. Bg5 h6 13. Bxf6 Nxf6 14.
Ne5 Bxg2 15. Kxg2 Qb8 16. Nc6 Qb7 17. d5 Bd6 18. e4 exd5 19. exd5 Rfe8 20. a3 Ne4 21. Nxe4 Rxe4 22. Re1 Rae8 23. Rxe4 Rxe4 24. Qd3 Re8 25. Qd2 Qc8 26. Re1 Rxe1 27. Qxe1 Qf5 28.
Qd2 Qe4+ 29. f3 Qb1 30. Qe2 Kf8 31. Nb8 g6 32. Nxa6 h5 33. h4 Qa2 34. Qxb5 Bxa3 35. Nxc7 Bxb2 36. Qe2 Qa3 37. Nb5 Qb4 38. Na7 Bf6 39.
Nc6 Qd6 40. Qd2 Kg7 41. Nb4 Be5 42. f4 Bf6 43. Nc6 Ba1 44. Ne5 Kg8 45. Nc4 Qc5 46. Ne3 Bd4 47. Nf1 Qxd5+ 48. Kh2 Qe4 49. Qg2 Qd3 50.
Qa8+ Kg7 51. Qg2 Kh6 52. g4 hxg4 53. Ng3 f5 54. Qa8 Qd2+ 55. Qg2 Qxf4 56. Kh1 Qc1+ 57. Nf1 Qf4 58. Ng3 Be5 59. Ne2 Qf3 60. Ng1 Qxg2+ 61.
Kxg2 Kh5 62. Ne2 Kxh4 63. Nc1 f4 64. Nd3 Bd6 65. Nf2 f3+ 66. Kf1 g3 67. Ne4 Be5 68. Nd2 Kg4 0-1

[Event "*** Titled Tuesday 3|2 Blitz"]
[Site "Chess.com"]
[Date "2016.09.06"]
[Round "5"]
[White "dretch"]
[Black "FairChess_on_YouTube"]
[Result "1-0"]
[WhiteElo "2639"]
[BlackElo "2687"]
[TimeControl "180+2"]
[EndTime "18:00:23 PDT"]
[Termination "dretch won by resignation"]

1. d4 g6 2. c4 Bg7 3. Nf3 Nf6 4. Nc3 O-O 5. e4 d6 6. h3 Na6 7. Bg5 h6 8. Be3 c5 9. d5 Re8 10. Be2 e6 11. Nd2 Nc7 12. Qc2 Rb8 13. O-O exd5 14.
cxd5 b5 15. a4 b4 16. Nb5 a6 17. Nxc7 Qxc7 18. Rfe1 b3 19. Qb1 Rb4 20. Bd3 a5 21.
Rc1 Bd7 22. Ra3 Bxa4 23. Qa1 Qd7 24. Rc4 Bb5 25. Rxb4 cxb4 26. Bxb5 Qxb5 27. Rxa5 Qd3 28. Qa4 Kh7 29. Ra7 Kg8 30. Rc7 g5 31. Rc4 g4 32.
hxg4 Kh7 33. Rxb4 Rc8 34. Rc4 Rxc4 35. Qxc4 Qc2 36. Qxb3 Qc1+ 37. Nf1 Qb1 38. f3 h5 39. gxh5 Nxh5 40. Qb6 Be5 41. Qc7 Kg7 42. Qc1 Qd3 43.
Qd2 Qb1 44. Bd4 Nf4 45. Bxe5+ dxe5 46. g3 Nd3 47. d6 Ne1 48. Kf2 Nd3+ 49. Kg2 Ne1+ 50.
Kf2 Nd3+ 51. Kg1 Ne1 52. Qg5+ Kh7 53. Qf5+ Kg8 54. d7 Qd3 55. Qg5+ Kh7 56. Qh5+ Kg7 57. Qg5+ Kh7 58. Qh4+ Kg6 59. Qg4+ Kf6 60. Kf2 Ke7 61.
Kxe1 Qc2 62. Qg5+ 1-0

[Event "*** Titled Tuesday 3|2 Blitz"]
[Site "Chess.com"]
[Date "2016.09.06"]
[Round "5"]
[White "Evgeny_Levin"]
[Black "DanielNaroditsky"]
[Result "1-0"]
[WhiteElo "2662"]
[BlackElo "2713"]
[TimeControl "180+2"]
[EndTime "18:00:26 PDT"]
[Termination "Evgeny_Levin won by resignation"]

1. d4 Nf6 2. c4 d6 3. Nf3 Nbd7 4.
Nc3 e5 5. e4 Be7 6. Be2 O-O 7.
O-O c6 8. Qc2 Qc7 9. Rd1 a6 10. Bd2 Re8 11. Rac1 Nf8 12. d5 Ng6 13. b4 cxd5 14. cxd5 Bd7 15. Qb3 Rac8 16. g3 Qb8 17. a4 b5 18. axb5 axb5 19. Bd3 Bd8 20. Kg2 h6 21.
Ra1 Bb6 22. Ra6 Qb7 23. Rda1 Rb8 24. Qd1 Qc8 25. Qe2 Bh3+ 26. Kh1 Ng4 27. Rxb6 Rxb6 28.
Nxb5 Nf6 29. Be3 Ra6 30. Rxa6 Qxa6 31. Ng1 Qa1 32. Nxd6 Ra8 33. Bd2 Ra2 34. Nc4 Ng4 35. f3 Nf6 36. b5 Bc8 37. Qe1 Qd4 38. Qe3 Qa1 39. Qe1 Qd4 40. Qe3 Nd7 41. Ne2 Qa1+ 42. Kg2 Qd1 43. Nc3 Rxd2+ 44. Qxd2 Qa1 45. Qb2 Qa8 46.
b6 Nc5 47. Be2 f5 48. Qa3 Na6 49. Nd6 fxe4 50. fxe4 Qb8 51. Nxc8 Qxc8 52. Bxa6 Qg4 53. b7 Nh4+ 54. Kg1 Nf3+ 55. Kf2 Nd4 56. b8=Q+ Kh7 57.
Be2 Qh3 58. Kg1 Qd7 59. Qxe5 Nc2 60. Qf5+ Qxf5 61. exf5 Nxa3 62. d6 1-0

[Event "*** Titled Tuesday 3|2 Blitz"]
[Site "Chess.com"]
[Date "2016.09.06"]
[Round "5"]
[White "papapizza_old"]
[Black "matein28"]
[Result "1-0"]
[WhiteElo "2257"]
[BlackElo "2311"]
[TimeControl "180+2"]
[EndTime "18:00:33 PDT"]
[Termination "papapizza_old won on time"]

1. d4 d5 2. Nf3 Nf6 3. c4 c6 4. e3 Bf5 5. Nc3 e6 6. Nh4 Bg6 7. Nxg6 hxg6 8. Bd2 Nbd7 9. Qb3 Qb6 10. Be2 Be7 11.
Qc2 Rc8 12. c5 Qc7 13. f4 Nh5 14. O-O f5 15. b4 g5 16. b5 gxf4 17. exf4 g5 18.
fxg5 Nxc5 19. Qd1 Ng7 20. Bf4 Bd6 21. g3 Ne4 22. Nxe4 dxe4 23. Rc1 Bxf4 24. gxf4 Qd6 25. bxc6 bxc6 26. Qa4 Rh4 27. Bb5 Rxf4 28. Bxc6+ Kf8 29.
Qa6 Qxd4+ 30. Kh1 Rxf1+ 31. Qxf1 Qd2 32. Rd1 Qxg5 33. Bxe4 Nh5 34. Bb7 Rc2 35. Qd3 Rc7 36.
Bf3 Nf4 37. Qd6+ Qe7 38. Qxf4 Rd7 39. Qh6+ Qg7 40. Qc1 Rxd1+ 41. Qxd1 Qe5 42. Qd8+ Kg7 43. Qg5+ Kf8 44. Qd2 Qf6 45. Kg2 e5 46. Qb4+ Kg7 47. Qb7+ Kg6 48. Qxa7 e4 49. Be2 Qg5+ 50. Kf1 Qc1+ 51.
Kf2 Qf4+ 52. Kg1 Qg5+ 53. Kh1 Qd2 54. Qg1+ Kf6 55. Qf1 Qe3 56. Kg2 f4 57. Bg4 Kg5 58. h3 Qg3+ 59. Kh1 f3 60. Qg1 Kf4 61. Qxg3+ Kxg3 62.
Kg1 e3 63. Bxf3 Kxf3 64. Kf1 Kg3 65. a4 Kxh3 66. a5 1-0

[Event "*** Titled Tuesday 3|2 Blitz"]
[Site "Chess.com"]
[Date "2016.09.06"]
[Round "5"]
[White "gmjoey1"]
[Black "Lapitch"]
[Result "0-1"]
[WhiteElo "2515"]
[BlackElo "2593"]
[TimeControl "180+2"]
[EndTime "18:00:36 PDT"]
[Termination "Lapitch won by resignation"]

1. e4 c5 2. c3 d5 3. exd5 Qxd5 4. Na3 Nc6 5. d4 Bf5 6. Nf3 cxd4 7. Bc4 Qe4+ 8. Kf1 e6 9. Nb5 Rc8 10. Qa4 d3 11.
Nbd4 Bc5 12. Be3 Bxd4 13. Nxd4 Ne7 14. Re1 O-O 15. Bd2 Qh4 16. Nf3 Qh5 17. Bb3 Bg6 18. h3 Rfd8 19. Qf4 Nd5 20. Qg3 Nf6 21. Ng5 Bf5 22. Bd1 Qg6 23. h4 h5 24. Qe3 Ng4 25. Qg3 b5 26. f3 Nf6 27. Kf2 Na5 28. b3 Nc6 29. Qf4 Nd5 30. Qg3 b4 31. c4 Nc3 32.
Qf4 e5 33. Qg3 f6 34. Ne4 Bxe4 35. fxe4 Nxe4+ 36. Rxe4 Qxe4 37. Rf1 Nd4 38. Re1 Ne2 39. Bxe2 dxe2 40. Rxe2 Qg4 41. Qe3 a5 42. Kg1 Rd4 43. Be1 Rcd8 44. Kh2 Qf4+ 45. Qxf4 Rxf4 46. Bf2 Rd6 47.
g3 Rf3 48. Be1 Rfd3 49. Rc2 Kf7 50. Kg2 Rd1 51. c5 Rc6 52. Bf2 Rd3 53. Re2 Ke6 54. Rc2 Kd5 55. Rc4 f5 56. Rc2 g6 57. Rc4 e4 58. Kf1 e3 59. Be1 Rxc5 60. Rxc5+ Kxc5 61. Ke2 Kd4 62. g4 hxg4 63. a4 Rxb3 64. Bg3 Rb2+ 65.
Kd1 Kd3 66. Kc1 Rc2+ 67. Kb1 Rg2 68. h5 Rxg3 0-1

[Event "*** Titled Tuesday 3|2 Blitz"]
[Site "Chess.com"]
[Date "2016.09.06"]
[Round "6"]
[White "Rating-Schmating"]
[Black "beastfromweast"]
[Result "1-0"]
[WhiteElo "2219"]
[BlackElo "2277"]
[TimeControl "180+2"]
[EndTime "18:03:42 PDT"]
[Termination "Rating-Schmating won by resignation"]

1. e4 c5 2. Nf3 d6 3. d4 cxd4 4.
Nxd4 Nf6 5. Nc3 a6 6. h3 g6 7.
g4 Bg7 8. Bg2 O-O 9. Be3 Bd7 10.
a4 Nc6 11. Nde2 Rc8 12. Qd2 Nb4 13. Ng3 Qa5 14. O-O Rfd8 15. Rfd1 Nc6 16. Nd5 Qxd2 17. Rxd2 Nxd5 18. exd5 Ne5 19. c3 Nc4 20. Re2 Nxb2 21. Rxb2 Bxc3 22. Rba2 Bxa1 23. Rxa1 Rc4 24. a5 Rdc8 25. Bf1 Rc1 26. Rxc1 Rxc1 27. Bxc1 1-0

[Event "*** Titled Tuesday 3|2 Blitz"]
[Site "Chess.com"]
[Date "2016.09.06"]
[Round "6"]
[White "putinwarrior"]
[Black "Elshan1985"]
[Result "0-1"]
[WhiteElo "2359"]
[BlackElo "2594"]
[TimeControl "180+2"]
[EndTime "18:03:54 PDT"]
[Termination "Elshan1985 won by checkmate"]

1. e4 e5 2. Nf3 Nc6 3. Bc4 Nf6 4. d3 Be7 5. c3 O-O 6. Bb3 d5 7. Nbd2 h6 8. O-O Be6 9. Qc2 a5 10. Re1 Bd6 11. exd5 Bxd5 12. Bxd5 Nxd5 13. Nc4 Re8 14. Nxd6 Qxd6 15. Bd2 a4 16. Rad1 f6 17. Bc1 Qc5 18.
d4 exd4 19. Rxe8+ Rxe8 20. Nxd4 Nxd4 21. Rxd4 Re1# 0-1

[Event "*** Titled Tuesday 3|2 Blitz"]
[Site "Chess.com"]
[Date "2016.09.06"]
[Round "6"]
[White "bilelou"]
[Black "gmjoey1"]
[Result "0-1"]
[WhiteElo "2288"]
[BlackElo "2518"]
[TimeControl "180+2"]
[EndTime "18:03:55 PDT"]
[Termination "gmjoey1 won by resignation"]

1. d4 Nf6 2. c4 c5 3. d5 e6 4. Nc3 exd5 5. cxd5 d6 6. Nf3 a6 7. a4 g6 8. Bf4 h6 9. h3 Bg7 10. e3 O-O 11. Be2 Re8 12. O-O Qe7 13.
Nd2 Nfd7 14. Nc4 Ne5 15. Nb6 Ra7 16. a5 Nbd7 17. Nb5 axb5 18. Nxc8 Rxc8 19. Bxb5 Rca8 0-1

[Event "*** Titled Tuesday 3|2 Blitz"]
[Site "Chess.com"]
[Date "2016.09.06"]
[Round "6"]
[White "dusanacns"]
[Black "GianmarcoVaR"]
[Result "1-0"]
[WhiteElo "2552"]
[BlackElo "2417"]
[TimeControl "180+2"]
[EndTime "18:05:00 PDT"]
[Termination "dusanacns won by resignation"]

1. e4 c6 2. d4 d5 3. e5 Bf5 4. c4 e6 5. Nc3 Nd7 6. a3 dxc4 7. Bxc4 Ne7 8. Nge2 h6 9. Ng3 Nb6 10. Bb3 Bg6 11.
O-O Nf5 12. Nxf5 Bxf5 13. Be3 Be7 14. Qe2 a5 15. Rfd1 a4 16. Ba2 O-O 17. Rac1 Qb8 18. Qf3 Qa7 19. d5 cxd5 20. Nxd5 Bd8 21. Bxb6 Bxb6 22.
Ne7+ Kh8 23. Nxf5 exf5 24. Qxf5 Bc5 25. Bb1 g6 26. Qf6+ Kg8 27. e6 Qb6 28. Bxg6 fxe6 29. Bh7+ 1-0

[Event "*** Titled Tuesday 3|2 Blitz"]
[Site "Chess.com"]
[Date "2016.09.06"]
[Round "6"]
[White "danir29"]
[Black "Rsnr"]
[Result "1-0"]
[WhiteElo "2419"]
[BlackElo "2514"]
[TimeControl "180+2"]
[EndTime "18:05:50 PDT"]
[Termination "danir29 won by resignation"]

1. d4 d5 2. Bf4 Nf6 3. e3 c5 4. Nf3 Nc6 5. Nbd2 Qb6 6. dxc5 Qxb2 7. Rb1 Qa3 8. Bb5 Qxc5 9. c4 e6 10. O-O dxc4 11. Nxc4 Nd5 12. Be5 Bd7 13. Bd4 Nxd4 14. Bxd7+ Kxd7 15. Nce5+ Ke8 16. exd4 Qe7 17. Qa4+ Kd8 18.
Ng5 Nc3 19. Ngxf7+ Kc8 20. Rfc1 Qc7 21. Qe8+ 1-0

[Event "*** Titled Tuesday 3|2 Blitz"]
[Site "Chess.com"]
[Date "2016.09.06"]
[Round "6"]
[White "FairChess_on_YouTube"]
[Black "psv98"]
[Result "1-0"]
[WhiteElo "2693"]
[BlackElo "2533"]
[TimeControl "180+2"]
[EndTime "18:06:07 PDT"]
[Termination "FairChess_on_YouTube won by resignation"]

1. e4 c6 2. d4 d5 3. Nc3 dxe4 4.
Nxe4 Nf6 5. Nxf6+ exf6 6. Nf3 Bd6 7. Bc4 O-O 8. O-O Nd7 9. h3 Re8 10. c3 Nf8 11. Bd2 Be6 12. Qb3 Qd7 13. Rfe1 Bc7 14.
Bxe6 Rxe6 15. Rxe6 fxe6 16. Re1 Re8 17. c4 Ng6 18. h4 Ne7 19. g3 Nf5 20. Qxb7 Rb8 21. Qxa7 Rxb2 22. Bf4 e5 23. dxe5 fxe5 24. Bxe5 Qd3 25.
Qxc7 Qxf3 26. Bxb2 1-0

[Event "*** Titled Tuesday 3|2 Blitz"]
[Site "Chess.com"]
[Date "2016.09.06"]
[Round "6"]
[White "steinitz_attack"]
[Black "NTBT_DHS"]
[Result "0-1"]
[WhiteElo "1801"]
[BlackElo "2499"]
[TimeControl "180+2"]
[EndTime "18:06:31 PDT"]
[Termination "NTBT_DHS won by checkmate"]

1. d4 Nf6 2. Nf3 g6 3. Bf4 Bg7 4. e3 d6 5. h3 O-O 6. Be2 c5 7. c3 Nc6 8. O-O Qb6 9. Qb3 Be6 10. Qxb6 axb6 11. a3 Rfe8 12. Nbd2 Bf5 13. g4 Be4 14.
Ng5 e5 15. Bxe5 dxe5 16. Ngxe4 Nxe4 17. Nxe4 exd4 18. Nd6 Re6 19. Nc4 Na5 20. Nxa5 bxa5 21. Bc4 Re7 22. exd4 cxd4 23. cxd4 Bxd4 24. Rab1 Rc8 25. b3 Re4 26. a4 Rf4 27. Kg2 Rc6 28. f3 h5 29. Rbd1 b6 30. Rfe1 Rcf6 31. Rf1 Kg7 32. Rde1 Bc5 33. Re4 hxg4 34. hxg4 Rxe4 35. fxe4 Rd6 36. Kf3 Rd2 37. Kg3 f6 38. Rf3 Bd6+ 39. Kh4 Rh2+ 40. Rh3 g5+ 41. Kh5 Rxh3# 0-1

[Event "*** Titled Tuesday 3|2 Blitz"]
[Site "Chess.com"]
[Date "2016.09.06"]
[Round "6"]
[White "Gabrielian_Artur"]
[Black "MbMaster"]
[Result "1-0"]
[WhiteElo "2537"]
[BlackElo "2332"]
[TimeControl "180+2"]
[EndTime "18:07:21 PDT"]
[Termination "Gabrielian_Artur won by resignation"]

1. e4 e5 2. Nf3 Nc6 3. Bc4 Nf6 4. d3 Be7 5. O-O O-O 6. Nc3 d6 7. a4 Bg4 8. Be3 Nd4 9. Bxd4 exd4 10. Nd5 Nxd5 11. Bxd5 c6 12. Bb3 d5 13. exd5 cxd5 14. h3 Bh5 15. Re1 Bf6 16. g4 Bg6 17. Qd2 Qd6 18. g5 Bd8 19. Re5 Bh5 20. Rxd5 Qg6 21.
Nxd4 h6 22. h4 hxg5 23. hxg5 Bb6 24. Qf4 Rad8 25. Nf5 Rfe8 26. a5 Rxd5 27. Bxd5 Bd8 28. Ng3 Bxg5 29. Bxf7+ Qxf7 30. Qxg5 Bf3 31. Qf5 Qxf5 32.
Nxf5 Re2 33. Nd4 1-0

[Event "*** Titled Tuesday 3|2 Blitz"]
[Site "Chess.com"]
[Date "2016.09.06"]
[Round "6"]
[White "OparinGrigoriy"]
[Black "ShimanovAlex"]
[Result "1-0"]
[WhiteElo "2618"]
[BlackElo "2550"]
[TimeControl "180+2"]
[EndTime "18:07:55 PDT"]
[Termination "OparinGrigoriy won by checkmate"]

1. Nf3 Nf6 2. g3 g6 3. b3 Bg7 4. Bb2 c5 5. c4 d6 6. Bg2 O-O 7. O-O e5 8. d3 Nc6 9. Nc3 Nh5 10. Nd2 f5 11. a3 Nf6 12. Nd5 a5 13. Nb1 Nxd5 14. Bxd5+ Kh8 15. Nc3 Rb8 16. e3 Ne7 17. Bg2 Be6 18. Qc2 Qd7 19. f4 h6 20.
Rae1 g5 21. Qe2 Kg8 22. e4 Rbe8 23. fxg5 hxg5 24. Qh5 g4 25. exf5 Nxf5 26. Be4 Rf6 27. Nd5 Rf7 28. Rf2 Ref8 29. Ref1 Nh6 30. Qg6 Rxf2 31.
Qh7+ Kf7 32. Bg6# 1-0

[Event "*** Titled Tuesday 3|2 Blitz"]
[Site "Chess.com"]
[Date "2016.09.06"]
[Round "6"]
[White "Newlight1"]
[Black "Rumpel-VK"]
[Result "0-1"]
[WhiteElo "2497"]
[BlackElo "2449"]
[TimeControl "180+2"]
[EndTime "18:08:01 PDT"]
[Termination "Rumpel-VK won by resignation"]

1. d4 Nf6 2. c4 e6 3. Nf3 c5 4.
Nc3 cxd4 5. Nxd4 a6 6. e4 d6 7. Be2 Be7 8. O-O O-O 9. Be3 b6 10. Qd2 Bb7 11. f3 Nbd7 12. Rac1 Rc8 13. Rfd1 Rc7 14.
b4 Qb8 15. a3 Rfc8 16. Nb3 Ba8 17. c5 bxc5 18. Bxa6 cxb4 19. axb4 Bb7 20. Bxb7 Qxb7 21. b5 Nb6 22. Na5 Nc4 23. Nxb7 Nxd2 24. Rxd2 Rxb7 25. b6 d5 26. exd5 Nxd5 27. Bd4 Bg5 28. Rdc2 Bxc1 29.
Rxc1 Nxc3 30. Rxc3 Rxc3 0-1

[Event "*** Titled Tuesday 3|2 Blitz"]
[Site "Chess.com"]
[Date "2016.09.06"]
[Round "6"]
[White "yurisolo"]
[Black "hypert"]
[Result "1-0"]
[WhiteElo "2494"]
[BlackElo "2330"]
[TimeControl "180+2"]
[EndTime "18:08:03 PDT"]
[Termination "yurisolo won by resignation"]

1. e4 c5 2. Nf3 e6 3. d4 cxd4 4. Nxd4 Nf6 5. Nc3 d6 6. Be3 Be7 7. f3 O-O 8. Qd2 d5 9. e5 Nfd7 10. f4 Nc6 11. O-O-O Nxd4 12. Bxd4 Bc5 13. Qe3 b6 14.
Bd3 Bxd4 15. Qxd4 Bb7 16. h3 f6 17. exf6 Qxf6 18. Qxf6 Rxf6 19. Ne2 Nc5 20. Rhe1 Nxd3+ 21. cxd3 Rc8+ 22. Kd2 h5 23. g3 Rc7 24. h4 g6 25.
Nd4 Re7 26. Rc1 Kf7 27. Nf3 Ke8 28. d4 Kd8 29. Re5 Rf5 30. Rce1 Rxe5 31. Rxe5 Bc6 32. Rg5 Be8 33. Ne5 Kc7 34. Nxg6 Rg7 35. Ne5 Rxg5 36. hxg5 Kd6 37. Ke3 Ke7 38. Kf3 Kf8 39. Kg2 Kg7 40. Kh3 Kh7 41. Kh4 Kg7 42. a3 a5 43.
g4 hxg4 44. Kxg4 Ba4 45. f5 Bd1+ 46. Kf4 exf5 47. Kxf5 Bb3 48. Ke6 b5 49. Kd6 b4 50.
axb4 axb4 51. Kc5 1-0

[Event "*** Titled Tuesday 3|2 Blitz"]
[Site "Chess.com"]
[Date "2016.09.06"]
[Round "6"]
[White "goingin33"]
[Black "Kawhi_Leonard2"]
[Result "0-1"]
[WhiteElo "2173"]
[BlackElo "2050"]
[TimeControl "180+2"]
[EndTime "18:08:41 PDT"]
[Termination "Kawhi_Leonard2 won by resignation"]

1. e4 c5 2. Nf3 d6 3. d4 cxd4 4. Qxd4 Nf6 5. Bg5 Nc6 6. Bb5 Bd7 7. Bxc6 Bxc6 8. Nc3 e6 9. O-O-O Be7 10. Rhe1 Qa5 11. Qd2 O-O 12. Kb1 Rfc8 13. Nd5 Qxd2 14. Nxe7+ Kf8 15.
Rxd2 Kxe7 16. Nd4 h6 17. Bxf6+ Kxf6 18. Nb3 Ke7 19. f3 f6 20. Red1 d5 21. exd5 Bxd5 22. Nd4 a6 23. Re1 Kf7 24. Nf5 Rd8 25. Red1 exf5 26. Rxd5 Rxd5 27. Rxd5 Re8 28. Rd7+ Kg6 29. Kc1 Re2 30. Rd2 Re1+ 31. Rd1 Re2 32. Rd2 Re1+ 33. Rd1 Re2 34. Rg1 f4 35. Kd1 Rf2 36. a4 Kf5 37. g3 fxg3 38. Rxg3 g5 39. h4 gxh4 40. Rh3 Kg5 41.
b4 b5 42. axb5 axb5 43. Kc1 Rg2 44. Kb2 Rg3 45. Rh1 Rxf3 46. Rd1 Rf5 47. Rg1+ Kh5 48.
Kb3 h3 49. c4 Rf3+ 50. Kb2 bxc4 51. Kc2 Kh4 52. Rb1 h2 53. b5 Rb3 54. Rh1 Kh3 0-1

[Event "*** Titled Tuesday 3|2 Blitz"]
[Site "Chess.com"]
[Date "2016.09.06"]
[Round "6"]
[White "Yaacovn"]
[Black "tigra"]
[Result "1-0"]
[WhiteElo "2634"]
[BlackElo "2452"]
[TimeControl "180+2"]
[EndTime "18:08:52 PDT"]
[Termination "Yaacovn won on time"]

1. d4 Nf6 2. Nf3 g6 3. c4 Bg7 4.
Nc3 d5 5. cxd5 Nxd5 6. g3 Nb6 7.
Bg2 Nc6 8. O-O O-O 9. Bf4 Bg4 10.
d5 Na5 11. Ne5 Bf5 12. e4 Bc8 13. h4 e6 14. Rc1 f6 15. Nd3 e5 16. Be3 Nac4 17.
Bc5 Rf7 18. Nb5 a6 19. Nc3 Bd7 20. b3 Nd6 21. a3 Nbc8 22. Be3 Nb5 23. a4 Nxc3 24.
Rxc3 Nd6 25. Qc2 Rc8 26. Nc5 f5 27. Ne6 Qe7 28. Nxg7 Kxg7 29. Rxc7 Rxc7 30. Qxc7 Nxe4 31. Qxb7 Nd6 32. Qxa6 f4 33. Bc5 Rf6 34. Re1 Kh6 35.
Qe2 Qf8 36. Qxe5 f3 37. Bf1 1-0

[Event "*** Titled Tuesday 3|2 Blitz"]
[Site "Chess.com"]
[Date "2016.09.06"]
[Round "6"]
[White "FearlessKing64"]
[Black "Iball95"]
[Result "0-1"]
[WhiteElo "2306"]
[BlackElo "2478"]
[TimeControl "180+2"]
[EndTime "18:08:57 PDT"]
[Termination "Iball95 won by checkmate"]

1. e4 c5 2. Nf3 d6 3. d4 cxd4 4. Nxd4 Nf6 5. f3 e5 6. Bb5+ Nbd7 7. Nf5 a6 8. Bxd7+ Qxd7 9. Ne3 Be7 10. c4 O-O 11. Nc3 b5 12. cxb5 axb5 13. O-O Bb7 14. b3 Rfc8 15. Bb2 Bd8 16. Kh1 Bb6 17. Ned5 Nxd5 18.
Nxd5 Bc5 19. f4 exf4 20. Rxf4 Bxd5 21. Qxd5 Qe6 22. Qh5 Ra7 23. Rg4 f6 24. h3 b4 25.
Rf1 Rf8 26. Rf3 Rxa2 27. Rfg3 Rf7 28. Qh6 Raa7 29. Qd2 Rae7 30. Kh2 g6 31. h4 f5 32.
exf5 Rxf5 33. Ba1 Qe1 34. Qb2 Qg1+ 35. Kh3 Qh1# 0-1

[Event "*** Titled Tuesday 3|2 Blitz"]
[Site "Chess.com"]
[Date "2016.09.06"]
[Round "6"]
[White "wonderfultime"]
[Black "dretch"]
[Result "0-1"]
[WhiteElo "2676"]
[BlackElo "2648"]
[TimeControl "180+2"]
[EndTime "18:08:59 PDT"]
[Termination "dretch won by resignation"]

1. d4 d5 2. c4 c6 3. Nc3 dxc4 4.
e3 b5 5. a4 b4 6. Ne4 Qd5 7. Ng3 Nf6 8. Be2 Ba6 9. e4 Nxe4 10. Bf3 f5 11. N1e2 g6 12. Nf4 Qf7 13.
Nxe4 fxe4 14. Bg4 h5 15. Be6 Qf6 16. d5 c3 17. bxc3 Bh6 18. g3 Bc4 19. Rb1 Bxf4 20. Bxf4 cxd5 21. Bxd5 Bxd5 22. Qxd5 Qxc3+ 23. Bd2 Qc6 24. Qe5 O-O 25. O-O Nd7 26. Qxe7 Rae8 27. Qxb4 Ne5 28.
Qb3+ Rf7 29. Be3 Qd7 30. Kg2 h4 31. Qd1 h3+ 32. Kh1 Qf5 33. Rb4 Rd7 34. Rd4 Rxd4 35. Bxd4 Rd8 36. Bxe5 Rxd1 0-1

[Event "*** Titled Tuesday 3|2 Blitz"]
[Site "Chess.com"]
[Date "2016.09.06"]
[Round "6"]
[White "Lapitch"]
[Black "Bishops83"]
[Result "0-1"]
[WhiteElo "2574"]
[BlackElo "2276"]
[TimeControl "180+2"]
[EndTime "18:09:23 PDT"]
[Termination "Bishops83 won by resignation"]

1. Nf3 c5 2. b3 Nc6 3. Bb2 d6 4. c4 e5 5. d3 g6 6. g3 Bg7 7.
Bg2 Nge7 8. O-O O-O 9. Nc3 a6 10.
a3 Rb8 11. b4 cxb4 12. axb4 b5 13.
cxb5 axb5 14. Rb1 Bg4 15. h3 Be6 16. Ng5 Bc8 17. Ba1 h6 18. Nf3 d5 19. Nd2 Be6 20.
Nb3 d4 21. Ne4 Bd5 22. Qd2 f5 23. Nec5 Bxg2 24. Kxg2 f4 25. Ne4 Nd5 26. Nbc5 Qe7 27. Qa2 Rbd8 28. g4 Kh7 29. Kh2 f3 30. Qd2 Nf4 31.
e3 Nd5 32. Rbe1 Rf7 33. Rg1 Rc8 34. g5 h5 35. exd4 exd4 36. Nf6+ Bxf6 37. Rxe7 Bxe7 38.
Qa2 Ncxb4 39. Qb3 Bxc5 40. Rc1 Bd6+ 0-1

[Event "*** Titled Tuesday 3|2 Blitz"]
[Site "Chess.com"]
[Date "2016.09.06"]
[Round "6"]
[White "jk13"]
[Black "DanielNaroditsky"]
[Result "0-1"]
[WhiteElo "2509"]
[BlackElo "2717"]
[TimeControl "180+2"]
[EndTime "18:09:39 PDT"]
[Termination "DanielNaroditsky won by resignation"]

1. e4 e6 2. d4 d5 3. Nd2 Be7 4. Bd3 c5 5. dxc5 Nf6 6. Qe2 O-O 7. Ngf3 a5 8. e5 Nfd7 9. c4 Nxc5 10. Bb1 b6 11. O-O Ba6 12. b3 Nc6 13. Bb2 a4 14.
Rd1 Qc7 15. Qe3 axb3 16. axb3 dxc4 17. bxc4 Rad8 18. Re1 Na5 19. Rc1 Bb7 20. Nd4 Qd7 21. h3 h6 22. N2f3 Ra8 23. Qe2 Rfd8 24. Qc2 Be4 25. Qe2 Bxb1 26. Rcxb1 Nab3 27. Rxa8 Rxa8 28. Nxb3 Nxb3 29. Bc3 Ra3 30. Qc2 Qa4 31.
Be1 Nc5 32. Qxa4 Nxa4 33. Bb4 Bxb4 34. Rxb4 Ra1+ 35. Kh2 Ra2 36. Kg3 Nc5 37. Rxb6 Ne4+ 38. Kh2 Rxf2 39. Rb8+ Kh7 40. Rb7 Kg6 41. Nh4+ Kh5 42.
Nf3 Ng5 43. Kg1 Nxh3+ 44. gxh3 Rxf3 45. Kg2 Rf4 46. c5 g5 47. c6 Kg6 48. c7 Rc4 49. Kf3 Kf5 50. c8=Q Rxc8 51. Rxf7+ Kxe5 52. Rh7 Rc3+ 53. Kg4 Rc4+ 54. Kg3 Rh4 0-1

[Event "*** Titled Tuesday 3|2 Blitz"]
[Site "Chess.com"]
[Date "2016.09.06"]
[Round "6"]
[White "pedromartinez91"]
[Black "ruifeng"]
[Result "1-0"]
[WhiteElo "2376"]
[BlackElo "2332"]
[TimeControl "180+2"]
[EndTime "18:09:39 PDT"]
[Termination "pedromartinez91 won on time"]

1. e4 e5 2. Nf3 Nc6 3. Bb5 a6 4. Ba4 d6 5. c3 Bd7 6. d3 g6 7.
O-O Bg7 8. Nbd2 Nf6 9. Re1 O-O 10.
Nf1 b5 11. Bb3 Na5 12. Bc2 c5 13. Bg5 h6 14. Be3 Nc6 15. Qd2 Ng4 16. h3 Nxe3 17. Nxe3 Ne7 18. d4 exd4 19. cxd4 Rc8 20. Rad1 cxd4 21.
Nxd4 Qb6 22. Bb3 Rfd8 23. Ng4 Bxg4 24. hxg4 Nc6 25. Nxc6 Qxc6 26. Rc1 Qd7 27. f3 Qa7+ 28. Kh1 Qe7 29. Red1 Qh4+ 30. Kg1 Be5 31. f4 Bg7 32.
Qd5 Qe7 33. Rxc8 Rxc8 34. Qxd6 Qxe4 35. Bxf7+ Kh7 36. f5 gxf5 37. Bg6+ Kh8 38. Bxf5 Qe3+ 39. Kh1 Re8 40. Qg6 Kg8 41. Qh7+ Kf8 42. Rf1 1-0